 Dungeon Crawl Stone Soup version 0.29.1-1-gd02db6906a (webtiles) character file.

Game seed: 16789081622492895654

5742 hawla the Destroyer (level 10, -2/79 HPs)
             Began as a Black Draconian Conjurer on Sept 21, 2022.
             Was a Believer of Vehumet.
             Slain by Urug
             ... wielding a +5 demon trident
              (29 damage)
             ... on level 10 of the Dungeon on Sept 22, 2022.
             The game lasted 00:41:16 (12978 turns).

hawla the Destroyer (Black Draconian Conjurer)     Turns: 12978, Time: 00:41:16

Health: -2/79      AC: 12    Str: 19    XL:     10   Next: 49%
Magic:  0/16       EV: 12    Int: 25    God:    Vehumet [**....]
Gold:   466        SH:  9    Dex:  8    Spells: 5/17 levels left

rFire   + . .      SeeInvis .   v - +1 falchion (protect)
rCold   . . .      Faith    .   u - +0 buckler
rNeg    . . .      Spirit   .   (body armour unavailable)
rPois   .          Reflect  +   (helmet restricted)
rElec   +          Harm     .   e - scarf {+Inv}
rCorr   .          Rampage  .   r - +1 pair of gloves
Will    +....                   g - +2 pair of boots
Stlth   ++........              i - amulet of reflection
HPRegen 0.23/turn               d - +6 ring of strength
MPRegen 0.15/turn               q - ring of protection from fire

@: very slightly contaminated
A: breathe lightning, AC +7, unfitting armour, electricity resistance,
cold-blooded, clever 1, strong-willed 1, strong 1
a: Breathe Lightning, Renounce Religion, Evoke Invisibility


You were on level 10 of the Dungeon.
You worshipped Vehumet.
Vehumet was pleased with you.
You visited 2 branches of the dungeon, and saw 11 of its levels.

You collected 546 gold pieces.
You spent 80 gold pieces at shops.

Inventory:

Hand Weapons
 c - a +0 long sword
 v - a +1 falchion of protection (weapon)
 D - a +2 dagger of venom
Missiles
 f - 36 poisoned darts (quivered)
 w - 2 boomerangs
Armour
 e - a scarf of invisibility (worn)
 g - a +2 pair of boots (worn)
 r - a +1 pair of gloves (worn)
 u - a +0 buckler (worn)
Jewellery
 d - a +6 ring of strength (left hand)
 i - an amulet of reflection (around neck)
 l - a +4 ring of slaying
 o - a +4 ring of protection
 q - a ring of protection from fire (right hand)
 t - a +4 ring of protection
 x - a ring of flight
Wands
 G - a wand of roots (6)
Scrolls
 j - a scroll of amnesia
 s - a scroll of magic mapping
Potions
 a - 4 potions of curing
 b - 2 potions of berserk rage
 h - a potion of invisibility
 n - 2 potions of might
 z - a potion of flight
 A - 2 potions of brilliance
 B - 4 potions of heal wounds {unknown}


   Skills:
 - Level 4.2 Fighting
 - Level 6.6 Long Blades
 - Level 0.3 Throwing
 - Level 5.9 Dodging
 - Level 3.0 Stealth
 - Level 3.5 Shields
 - Level 4.3 Spellcasting
 - Level 8.2 Conjurations
 - Level 3.8 Translocations
 * Level 4.3 Transmutations
 * Level 4.3 Poison Magic


You had 5 spell levels left.
You knew the following spells:

 Your Spells              Type           Power      Damage    Failure   Level
a - Magic Dart            Conj           100%       1d8       1%          1
b - Searing Ray           Conj           92%        2d7       1%          2
c - Iskenderun's Mystic   Conj/Tloc      35%        2d8       10%         4
d - Alistair's Intoxicat  Tmut/Pois      18%        N/A       47%         5

Your spell library contained the following spells:

 Spells                   Type           Power      Damage    Failure   Level
 Freeze                   Ice            20%        1d4       12%         1
 Apportation              Tloc           48%        N/A       2%          1
 Dazzling Flash           Conj/Hex       50%        N/A       6%          3
 Fulminant Prism          Conj/Hex       12%        3d9       22%         4
 Starburst                Conj/Fire      12%        6d5       97%         6
 Malign Gateway           Summ/Tloc      7%         N/A       100%        7
 Summon Horrible Things   Summ           2%         N/A       100%        8


Dungeon Overview and Level Annotations

Branches:
Dungeon (10/15)            Temple (1/1) D:6            Lair (0/5) D:9
    Orc: D:9-12

Altars:
Ashenzari
Cheibriados
Dithmenos
Elyvilon
Fedhas
Gozag
Hepliaklqana
Kikubaaqudgha
Nemelex Xobeh
Okawaru
Qazlal
Ru
Sif Muna
Trog
Uskayaw
Vehumet
Wu Jian
Xom
Yredelemnul
Zin

Shops:
D:2 !

Annotations:
D:10 Urug


Innate Abilities, Weirdness & Mutations

You can breathe wild blasts of lightning.
Your glossy black scales are hard. (AC +7)
You cannot fit into any form of body armour.
You are resistant to electric shocks. (rElec)
You are cold-blooded and may be slowed by cold attacks.
Your mind is acute. (Int +4, Str/Dex -1)
You are strong-willed. (Will+)
Your muscles are strong. (Str +4, Int/Dex -1)


Message History

Press: ? - help, Q - select action, (/) - cycle Shift-Dir - straight line, f/p - Urug
Aim: Urug, wielding a +5 demon trident, wearing a +0 ring mail and quivering javelins (moderately wounded, poisoned, 47% to hit)
You throw a curare-tipped dart. The curare-tipped dart hits Urug.
Urug looks even sicker.
Urug convulses.
Urug seems to slow down.
Urug is moderately wounded.
Urug throws a javelin.
The javelin barely misses you.
Aiming: Fastroot
Press: ? - help, Shift-Dir - straight line, f/p - Urug
Aim: Urug, wielding a +5 demon trident, wearing a +0 ring mail and quivering javelins (heavily wounded, very poisoned, slow)
The roots erupt in riotous growth!
Roots grab Urug.
The grasping roots constrict Urug.
You hear a shout!
Urug closely misses you.
Casting: Searing Ray (safe; 1% risk of failure)
Confirm with . or Enter, or press ? or * to list all spells.
You don't have enough magic to cast this spell.
Casting: Searing Ray (safe; 1% risk of failure)
Confirm with . or Enter, or press ? or * to list all spells.
Aiming: Magic Dart (safe; 1% risk of failure)
Press: ? - help, Shift-Dir - straight line, f/p - Urug
Aim: Urug, wielding a +5 demon trident, wearing a +0 ring mail and quivering javelins (heavily wounded, very poisoned, slow, constricted by roots, 100% to hit)
The magic dart hits Urug.
Urug is heavily wounded.
The grasping roots constrict Urug.
The roots release their grip on Urug.
Throw: 37 darts (poison)
Press: ? - help, Q - select action, (/) - cycle Shift-Dir - straight line, f/p - Urug
Aim: Urug, wielding a +5 demon trident, wearing a +0 ring mail and quivering javelins (severely wounded, very poisoned, slow, 47% to hit)
You throw a poisoned dart. The poisoned dart barely misses Urug.
Urug throws a javelin.
The javelin pierces through you!
Okay, then.
Aiming: Fastroot
Press: ? - help, Shift-Dir - straight line, f/p - Urug
Aim: Urug, wielding a +5 demon trident, wearing a +0 ring mail and quivering javelins (severely wounded, very poisoned, slow)
The roots erupt in riotous growth!
Roots grab Urug.
The grasping roots constrict Urug.
Urug hits you from afar with a +5 demon trident!!
You die...

..............# ....
#..<....# ..#
.....###....#### ..###
...............##.....
......................
........##............
.....#..#..........#
....###.....##....$#
.... #...#.##@..###
... #...##........# ..
....####.#o....# .....
#..........# .>...
.......⌠..P.. ..
.####.....P~P. [.
.......~P. .## .
#.(.#..P.. ..##
#....##+.....#


You could see Urug (very poisoned, slow, rooted).

Vanquished Creatures
  A two-headed ogre (D:9)
  Psyche (D:8)
  A wyvern (D:8)
  A vampire (D:9)
  6 yaks
  A steam dragon (D:7)
  An acid dragon (D:8)
  4 water moccasins
  2 sky beasts (D:6)
  An orc warrior (D:8)
  5 ice beasts
  4 centaurs
  4 kobold brigands
  7 bullfrogs
  A necrophage (D:7)
  A gnoll sergeant (D:9)
  6 killer bees (D:8)
  An electric eel (D:8)
  2 hounds (D:6)
  An orc priest (D:8)
  A jelly (D:4)
  Terence (D:2)
  3 iguanas
  4 orc wizards
  Robin (D:2)
  12 gnolls
  8 adders
  A shadow imp (D:6)
  An ufetubus (D:4)
  7 worms
  3 dart slugs
  31 orcs
  8 ball pythons
  5 endoplasms
  4 giant cockroaches
  16 goblins
  19 hobgoblins
  3 jackals (D:1)
  22 kobolds
  A quokka (D:4)
  2 frilled lizards (D:1)
  9 rats
  A butterfly (D:6)
214 creatures vanquished.

Vanquished Creatures (collateral kills)
  A wyvern (D:8)
  A bullfrog (D:8)
  An orc wizard (D:8)
  2 orcs (D:8)
5 creatures vanquished.

Grand Total: 219 creatures vanquished

Notes
Turn   | Place    | Note
-------+----------+-------------------------------------------
     0 | D:1      | hawla the Draconian Conjurer began the quest for the Orb.
     0 | D:1      | Reached XP level 1. HP: 14/14 MP: 3/3
   271 | D:1      | Reached XP level 2. HP: 20/20 MP: 0/5
   274 | D:1      | Learned a level 2 spell: Searing Ray
   829 | D:1      | Found a faded altar of an unknown god.
  1196 | D:2      | Found Bulohui's Distillery.
  1203 | D:2      | Bought a potion of mutation for 80 gold pieces
  1203 | D:2      | Gained mutation: Your mind is acute. (Int +4, Str/Dex -1)
                  | [potion of mutation]
  1203 | D:2      | Gained mutation: You are strong-willed. (Will+) [potion of
                  | mutation]
  1203 | D:2      | Gained mutation: Your muscles are strong. (Str +4, Int/Dex
                  | -1) [potion of mutation]
  1247 | D:2      | Reached XP level 3. HP: 26/26 MP: 2/6
  1271 | D:2      | Noticed Terence
  1310 | D:2      | Killed Terence
  1311 | D:2      | Reached skill level 5 in Conjurations
  1311 | D:2      | Reached XP level 4. HP: 11/33 MP: 3/7
  1837 | D:2      | Noticed Robin
  2091 | D:2      | Killed Robin
  2227 | D:2      | Identified the +2 leather armour of Elyvilon, Piercing
                  | {Str+3 Int+4 Dex+3}
  2359 | D:2      | Reached XP level 5. HP: 38/38 MP: 3/9
  2816 | D:3      | Learned a level 4 spell: Iskenderun's Mystic Blast
  2833 | D:3      | Found a hide-covered altar of Uskayaw.
  3169 | D:3      | Reached skill level 1 in Translocations
  3266 | D:3      | Found a stormy altar of Qazlal.
  3421 | D:4      | Found a glowing silver altar of Zin.
  3603 | D:4      | Found an ornate altar of the Wu Jian Council.
  3682 | D:4      | Reached XP level 6. HP: 46/46 MP: 0/10
  3926 | D:4      | Reached skill level 6 in Conjurations
  4353 | D:4      | Found a hazy altar of Hepliaklqana.
  4357 | D:4      | Found a shadowy altar of Dithmenos.
  4358 | D:4      | Found a basalt altar of Yredelemnul.
  4845 | D:5      | Entered Level 5 of the Dungeon
  6131 | D:5      | Found an iron altar of Okawaru.
  6236 | D:6      | Noticed an ice beast
  6238 | D:6      | Noticed an ice beast
  6258 | D:5      | Killed an ice beast
  6259 | D:5      | Reached skill level 1 in Long Blades
  6259 | D:5      | Your scales start taking on a glossy black colour.
  6259 | D:5      | Reached XP level 7. HP: 35/51 MP: 1/11
  6259 | D:5      | Gained mutation: You are resistant to electric shocks.
                  | (rElec) [Black Draconian growth]
  6501 | D:6      | Found a staircase to the Ecumenical Temple.
  6510 | D:6      | Reached skill level 7 in Conjurations
  6523 | Temple   | Entered the Ecumenical Temple
  6607 | Temple   | Became a worshipper of Vehumet
  6699 | D:6      | Reached skill level 1 in Fighting
  6728 | D:6      | Reached XP level 8. HP: 17/59 MP: 1/12
  7360 | D:6      | Reached * piety under Vehumet
  7360 | D:6      | Offered knowledge of Sandblast by Vehumet.
  7485 | D:6      | Reached skill level 1 in Shields
  7986 | D:7      | Found a blossoming altar of Fedhas.
  8306 | D:7      | Found a bloodstained altar of Trog.
  8322 | D:7      | Reached skill level 5 in Long Blades
  8535 | D:7      | Reached XP level 9. HP: 70/70 MP: 1/13
  8808 | D:8      | Reached skill level 5 in Dodging
  8900 | D:8      | Reached ** piety under Vehumet
  8904 | D:8      | Offered knowledge of Freeze by Vehumet.
  9096 | D:8      | Found a sacrificial altar of Ru.
  9610 | D:8      | Noticed Psyche
  9772 | D:8      | Killed Psyche
  9773 | D:8      | Reached skill level 8 in Conjurations
  9880 | D:8      | Found a snail-covered altar of Cheibriados.
  9880 | D:8      | Found a shimmering blue altar of Sif Muna.
 10125 | D:8      | Found a shimmering altar of Xom.
 11458 | D:9      | Reached XP level 10. HP: 79/79 MP: 12/16
 11561 | D:8      | Learned a level 5 spell: Alistair's Intoxication
 11592 | D:8      | Reached skill level 1 in Transmutations
 11592 | D:8      | Reached skill level 1 in Poison Magic
 11872 | D:9      | Found a staircase to the Lair.
 11937 | D:9      | Noticed a two-headed ogre
 11951 | D:9      | Killed a two-headed ogre
 12373 | D:10     | Entered Level 10 of the Dungeon
 12410 | D:10     | Noticed a deep elf pyromancer
 12960 | D:10     | Noticed Urug
 12978 | D:10     | Slain by Urug

Illustrated notes

Levels and vault maps discovered:
D:1:      doesnt_arrival_eight_statues, layout_basic,
          ebering_ecumenical_altar_petrified
D:2:      layout_basic, serial_shops, nicolae_shop_trees, uniq_robin,
          uniq_terence
D:3:      layout_loops_ring, nicolae_overflow_hidden_temple,
          mainiacjoe_overflow_tiny_flanked,
          nicolae_concentric_dashed_squares_wild, minivault_24,
          skrybe_limestone_x
D:4:      layout_basic, nicolae_wu_jian_immortal_techniques, zin_academy,
          minitemple, st_stairs_11, corexii_item_surrounded_by_moat
D:5:      layout_loops_corners, mainiacjoe_overflow_alcove_2,
          lightli_sewer_entry_pipes
D:6:      corexii_shack_village, layout_basic, minmay_temple_entry_butterflies,
          wad_rectangle_vault
D:7:      layout_rooms, marbit_many_paths, mainiacjoe_overflow_six_doors_small,
          serial_park_tiny_1
D:8:      wad_river_or_something, layout_rooms, nicolae_ru_awakened_eye,
          lemuel_tele_altar, gammafunk_temple_overflow_wave, uniq_psyche
D:9:      layout_big_octagon, lair_entry_dummy
D:10:     layout_cave_pools, tso_oasis_becter, mainiacjoe_overflow_24_doors,
          erik_orc_1, kennysheep_generic_room_12, uniq_maggie, uniq_urug
Temple:   hellmonk_temple_two_chambers

Skill      XL: |  1  2  3  4  5  6  7  8  9 10 |
---------------+-------------------------------+-----
Dodging        | 2 3 4 5 |  5.9
Conjurations   | 5 6 7 8 |  8.2
Translocations | 1 2 3 |  3.8
Long Blades    | 1 3 5 6 |  6.6
Stealth        | 2 3 |  3.0
Spellcasting   | 3 4 |  4.3
Fighting       | 1 3 4 |  4.2
Shields        | 2 3 |  3.5
Transmutations | 4 |  4.3
Poison Magic   | 4 |  4.3
Throwing       | |  0.3

Action                   |  1- 3 |  4- 6 |  7- 9 | 10-12 || total
-------------------------+-------+-------+-------+-------++-------
Melee: Unarmed           |    36 |    85 |       |       ||   121
       Tailslap          |     2 |    18 |    31 |    12 ||    63
       Long sword        |       |    51 |       |       ||    51
       Falchion          |       |    14 |   258 |    73 ||   345
       Punch             |       |       |     2 |       ||     2
Throw: Dart              |       |       |     6 |    12 ||    18
 Cast: Magic Dart        |    38 |    50 |    34 |    17 ||   139
       Searing Ray       |     3 |    33 |    30 |    10 ||    76
       Iskenderun's Myst |       |     5 |    30 |    20 ||    55
 Abil: Breathe Lightning |       |       |     1 |       ||     1
Evoke: Wand              |       |       |       |     2 ||     2
  Use: Scroll            |     7 |     4 |    12 |     4 ||    27
       Potion            |     4 |       |     1 |     3 ||     8
 Stab: Sleeping          |       |       |     3 |       ||     3
Armor: Skin              |    11 |    74 |   183 |    48 ||   316
Dodge: Dodged            |    36 |    97 |   180 |    55 ||   368
Block: Other             |     1 |    39 |    84 |     9 ||   133
       Reflection        |       |       |     3 |     8 ||    11
       Buckler           |       |       |       |    30 ||    30
